[ PARTIDA AOE2 · #494513255 ]
UnrankedMaya vs Burgundians
Equipo del jugador · VICT
Equipo rival · DERR
[ ANÁLISIS DE REPETICIÓN · EXTRAÍDO DE LA PARTIDA GRABADA ]
Feudal
8:51
Castillos
—
Imperial
—
| APM promedio | 52.3 |
| APM pico | 101 |
| eAPM promedio | 22.4 |
| Aldeanos / militares | 47 / 0 |
Foco
⚔️ 27.4% · 🌾 72.6%
Feudal
11:52
Castillos
16:38
Imperial
—
| APM promedio | 38.7 |
| APM pico | 83 |
| eAPM promedio | 15.6 |
| Aldeanos / militares | 34 / 0 |
Foco
⚔️ 22.3% · 🌾 77.7%
Mapa de la partida
Recursos iniciales + cada clic de construcción. Líneas = muros · curvas = relieve. ◆ oro · ⬟ piedra · ● bayas · ✦ reliquia · ◌ hueco del cierre
Tu base· ✓ Cerrada en 12:00 · 0t muro · 3 puerta(s)
Base de Gordito· ✓ Cerrada en 16:38 · 23t muro · 2 puerta(s)
Terreno inicial suavizado · ◌ = hueco del cierre detectado · pasá el cursor para detalles
Inputs por minuto
— OOOOOOOOOOQo - - Gordito
Build order — OOOOOOOOOOQo
84 acciones detectadas en el replay
| 0:01 | Investigar | Loom |
| 0:01 | Investigar | Loom |
| 0:02 | Construir | House |
| 0:03 | Construir | House |
| 0:15 | Encolar | Villager (Male) |
| 0:15 | Encolar | Villager (Male) |
| 0:15 | Encolar | Villager (Male) |
| 1:15 | Encolar | Villager (Male) |
| 1:15 | Encolar | Villager (Male) |
| 1:53 | Construir | Lumber Camp |
| 1:54 | Encolar | Villager (Male) |
| 1:54 | Encolar | Villager (Male) |
| 2:19 | Encolar | Villager (Male) |
| 2:40 | Encolar | Villager (Male) |
| 2:40 | Encolar | Villager (Male) |
| 3:05 | Encolar | Villager (Male) |
| 3:05 | Encolar | Villager (Male) |
| 3:28 | Construir | House |
| 3:28 | Construir | House |
| 3:40 | Encolar | Villager (Male) |
| 3:40 | Encolar | Villager (Male) |
| 4:03 | Encolar | Villager (Male) |
| 4:03 | Encolar | Villager (Male) |
| 4:43 | Encolar | Villager (Male) |
| 4:43 | Encolar | Villager (Male) |
| 4:53 | Construir | Mill |
| 5:36 | Encolar | Villager (Male) |
| 5:56 | Encolar | Villager (Male) |
| 6:39 | Investigar | Feudal Age |
| 7:02 | Construir | Mining Camp |
| 8:16 | Encolar | Villager (Male) |
| 8:51 | Edad | Edad Feudal |
| 9:00 | Construir | Watch Tower |
| 9:05 | Encolar | Villager (Male) |
| 9:23 | Encolar | Villager (Male) |
| 9:26 | Construir | Blacksmith |
| 9:52 | Encolar | Villager (Male) |
| 9:53 | Encolar | Villager (Male) |
| 9:59 | Construir | House |
| 10:03 | Investigar | Double-Bit Axe |
| 10:03 | Investigar | Double-Bit Axe |
| 10:11 | Investigar | Fletching |
| 10:12 | Encolar | Villager (Male) |
| 10:12 | Encolar | Villager (Male) |
| 10:21 | Construir | House |
| 10:32 | Encolar | Villager (Male) |
| 10:32 | Encolar | Villager (Male) |
| 10:46 | Construir | Watch Tower |
| 11:16 | Encolar | Villager (Male) |
| 11:28 | Investigar | Horse Collar |
| 11:35 | Construir | Watch Tower |
| 12:04 | Encolar | Villager (Male) |
| 12:04 | Encolar | Villager (Male) |
| 12:34 | Encolar | Villager (Male) |
| 12:34 | Encolar | Villager (Male) |
| 12:41 | Construir | House |
| 12:42 | Encolar | Villager (Male) |
| 13:01 | Construir | Watch Tower |
| 13:05 | Construir | Farm |
| 13:07 | Construir | Farm |
| 13:44 | Construir | House |
| 13:47 | Encolar | Villager (Male) |
| 13:47 | Encolar | Villager (Male) |
| 13:51 | Construir | House |
| 14:15 | Construir | Farm |
| 14:18 | Construir | Farm |
| 14:45 | Encolar | Villager (Male) |
| 14:45 | Encolar | Villager (Male) |
| 14:45 | Encolar | Villager (Male) |
| 14:47 | Construir | Farm |
| 14:49 | Construir | Farm |
| 15:04 | Construir | Watch Tower |
| 15:18 | Construir | Barracks |
| 15:23 | Construir | Farm |
| 15:26 | Encolar | Villager (Male) |
| 15:26 | Encolar | Villager (Male) |
| 15:36 | Construir | Palisade Gate |
| 16:02 | Encolar | Villager (Male) |
| 16:12 | Construir | Mining Camp |
| 17:05 | Encolar | Villager (Male) |
| 17:05 | Encolar | Villager (Male) |
| 17:44 | Construir | Watch Tower |
| 17:54 | Encolar | Villager (Male) |
| 17:54 | Encolar | Villager (Male) |
Build order — Gordito
74 acciones detectadas en el replay
| 0:00 | Encolar | Villager (Male) |
| 0:01 | Encolar | Villager (Male) |
| 0:02 | Construir | House |
| 0:04 | Construir | House |
| 0:24 | Encolar | Villager (Male) |
| 0:24 | Encolar | Villager (Male) |
| 1:25 | Encolar | Villager (Male) |
| 1:51 | Construir | Lumber Camp |
| 2:01 | Encolar | Villager (Male) |
| 2:24 | Encolar | Villager (Male) |
| 2:49 | Encolar | Villager (Male) |
| 3:22 | Encolar | Villager (Male) |
| 3:30 | Investigar | Double-Bit Axe |
| 3:51 | Encolar | Villager (Male) |
| 3:54 | Construir | House |
| 3:55 | Construir | House |
| 4:16 | Construir | House |
| 4:17 | Encolar | Villager (Male) |
| 4:17 | Encolar | Villager (Male) |
| 5:04 | Encolar | Villager (Male) |
| 5:30 | Encolar | Villager (Male) |
| 5:33 | Construir | Mill |
| 5:46 | Encolar | Villager (Male) |
| 6:11 | Encolar | Villager (Male) |
| 6:25 | Construir | Lumber Camp |
| 6:27 | Encolar | Villager (Male) |
| 6:47 | Encolar | Villager (Male) |
| 7:01 | Encolar | Villager (Male) |
| 7:15 | Encolar | Villager (Male) |
| 7:28 | Investigar | Horse Collar |
| 7:32 | Encolar | Villager (Male) |
| 7:41 | Construir | Farm |
| 8:10 | Construir | Farm |
| 8:11 | Encolar | Villager (Male) |
| 8:29 | Construir | Farm |
| 8:31 | Encolar | Villager (Male) |
| 9:00 | Construir | Mining Camp |
| 9:21 | Investigar | Feudal Age |
| 9:41 | Construir | Palisade Wall |
| 9:53 | Construir | Palisade Wall |
| 10:26 | Construir | House |
| 10:57 | Encolar | Villager (Male) |
| 11:00 | Construir | Palisade Wall |
| 11:10 | Construir | House |
| 11:26 | Construir | House |
| 11:28 | Construir | House |
| 11:34 | Construir | House |
| 11:52 | Edad | Edad Feudal |
| 12:04 | Encolar | Villager (Male) |
| 12:42 | Construir | Market |
| 12:44 | Construir | Blacksmith |
| 12:48 | Encolar | Villager (Male) |
| 12:55 | Construir | House |
| 13:19 | Encolar | Villager (Male) |
| 13:58 | Investigar | Castle Age |
| 14:08 | Construir | Mining Camp |
| 14:09 | Investigar | Bow Saw |
| 14:21 | Construir | House |
| 14:29 | Encolar | Villager (Male) |
| 14:32 | Construir | Farm |
| 14:37 | Construir | Farm |
| 14:57 | Construir | House |
| 15:05 | Encolar | Villager (Male) |
| 15:27 | Construir | Stone Wall |
| 16:01 | Encolar | Villager (Male) |
| 16:16 | Construir | House |
| 16:22 | Encolar | Villager (Male) |
| 16:26 | Investigar | Loom |
| 16:38 | Edad | Edad de los Castillos |
| 16:41 | Construir | Town Center |
| 17:03 | Encolar | Villager (Male) |
| 17:17 | Encolar | Villager (Male) |
| 17:17 | Encolar | Villager (Male) |
| 17:39 | Construir | Siege Workshop |
Cronología de la partida
| 8:51 | OOOOOOOOOOQo · age_up feudal |
| 9:41 | Gordito · wall_segment Palisade Wall x6 |
| 9:53 | Gordito · wall_segment Palisade Wall x15 |
| 11:00 | Gordito · wall_segment Palisade Wall x1 |
| 11:52 | Gordito · age_up feudal |
| 13:32 | Gordito · first_market_sell 100 wood |
| 13:35 | Gordito · first_market_buy 100 food |
| 15:18 | OOOOOOOOOOQo · first_building Barracks |
| 15:27 | Gordito · wall_segment Stone Wall x1 |
| 16:38 | Gordito · age_up castle |
| 17:39 | Gordito · first_building Siege Workshop |
| 17:58 | Gordito · resign |
[ ANÁLISIS IA · 1 CRÉDITO ]
¿Qué pasó realmente en esta partida?
Wolo.gg analiza cada decisión: build order, eco, micro, errores típicos por bracket. Análisis personalizado por WhatsApp o Discord en 30 segundos.
Guía civ
Maya
Perfil
OOOOOOOOOOQo